 Dungeon Crawl Stone Soup version 0.29-a0-88-g03a7b78be7 (webtiles) character file.

Game seed: 752270317811903448

42 dmks the Ducker (level 3, 0/28 HPs)
             Began as a Demonspawn Gladiator on Feb 5, 2022.
             Slain by an adder (1 damage)
             ... on level 2 of the Dungeon.
             The game lasted 00:02:28 (1707 turns).

dmks the Ducker (Demonspawn Gladiator)              Turns: 1707, Time: 00:02:29

Health: 0/28       AC:  4    Str: 16    XL:     3   Next: 33%
Magic:  3/3        EV: 12    Int:  9    God:
Gold:   17         SH:  0    Dex: 14    Spells: 2/2 levels left

rFire   . . .      SeeInvis .   a - +0 war axe
rCold   . . .      Faith    .   (no shield)
rNeg    . . .      Spirit   .   b - +0 leather armour
rPois   .          Reflect  .   c - +0 helmet
rElec   .          Harm     .   (no cloak)
rCorr   .          Rampage  .   (no gloves)
Will    .....                   (no boots)
Stlth   +.........              (no amulet)
HPRegen 0.09/turn               (no ring)
MPRegen 0.08/turn               (no ring)

@: no status effects
A: powered by pain 2
a: no special abilities


You were on level 2 of the Dungeon.
You visited 1 branch of the dungeon, and saw 2 of its levels.

You collected 17 gold pieces.

Inventory:

Hand Weapons
 a - a +0 war axe (weapon)
Missiles
 d - 4 throwing nets (quivered) {!f}
Armour
 b - a +0 leather armour (worn)
 c - a +0 helmet (worn)
Scrolls
 f - a scroll of blinking {unknown}
 g - 2 scrolls of teleportation {unknown}
 h - 2 scrolls of identify {unknown}


   Skills:
 * Level 2.7 Fighting
 + Level 2.9 Axes
 - Level 2.1 Throwing
 + Level 0.9 Armour
 + Level 3.0 Dodging


You had 2 spell levels left.
You didn't know any spells.
Your spell library was empty.

Dungeon Overview and Level Annotations

Branches:
Dungeon (2/15)

Altars:


Innate Abilities, Weirdness & Mutations

You sometimes gain power by taking damage.


Message History

The bat closely misses you.
Your Dodging skill increases to level 3!
A bat is nearby!
The bat closely misses you. The bat hits you but does no damage.
The bat hits you but does no damage.
You are too injured to fight recklessly!
The bat closely misses you.
You slash the bat!
You kill the bat!
You start resting.
An adder comes into view.
The adder hisses angrily.
You closely miss the adder. The adder bites you. The adder misses you.
You slash the adder! The adder closely misses you. The adder bites you.
You are poisoned.
The adder poisons you!
You barely miss the adder.
You feel sick. The adder bites you. x2
You are more poisoned.
The adder poisons you!
You hit the adder but do no damage.
You feel very sick. The adder closely misses you.
You miss the adder.
You feel sick. The adder misses you. The adder bites you.
* * * LOW HITPOINT WARNING * * *
You closely miss the adder.
You feel sick. The adder closely misses you. The adder barely misses you.
You aren't carrying any potions.
You barely miss the adder.
You feel sick. The adder bites you.
* * * LOW HITPOINT WARNING * * *
The adder barely misses you.
You closely miss the adder.
You feel sick. The adder barely misses you. x2
You closely miss the adder.
You feel sick.
You are no longer poisoned.
The adder closely misses you. The adder barely misses you.
You miss the adder. The adder barely misses you.
You closely miss the adder. The adder closely misses you. x2
You hit the adder. The adder completely misses you. x2
You barely miss the adder. The adder bites you.
* * * LOW HITPOINT WARNING * * *
The adder bites you.
* * * LOW HITPOINT WARNING * * *
You closely miss the adder. The adder misses you.
You miss the adder. The adder bites you.
* * * LOW HITPOINT WARNING * * *
The adder bites you but does no damage.
You barely miss the adder. The adder barely misses you.
The adder closely misses you.
You miss the adder. The adder bites you.
You die...

## ###.....[.
##+#+#. ..........
#......###.......<
#...............#
#......#........###
#>................
#...รท..<.......
#.#.#..####.#.# #
#@.......
#S...##...
#...............
##.#.#....#.####
#.........#
#..?...#...
....#....#
#.#....#.. #. .....


You could see an adder.

Vanquished Creatures
  An adder (D:2)
  2 bats
  3 endoplasms (D:1)
  A giant cockroach (D:1)
  3 goblins (D:1)
  3 hobgoblins (D:1)
  4 jackals (D:1)
  2 quokkas (D:1)
  3 ball pythons
  2 frilled lizards (D:1)
  A kobold (D:1)
  2 rats (D:1)
27 creatures vanquished.

Notes
Turn   | Place    | Note
-------+----------+-------------------------------------------
     0 | D:1      | dmks the Demonspawn Gladiator began the quest for the Orb.
     0 | D:1      | Reached XP level 1. HP: 16/16 MP: 1/1
   547 | D:1      | Gained mutation: You sometimes gain a little power by
                  | taking damage. [demonic ancestry]
   547 | D:1      | Reached XP level 2. HP: 22/22 MP: 2/2
  1275 | D:1      | Gained mutation: You sometimes gain power by taking damage.
                  | [demonic ancestry]
  1275 | D:1      | Reached XP level 3. HP: 28/28 MP: 3/3
  1307 | D:1      | Found a faded altar of an unknown god.
  1494 | D:2      | Reached skill level 3 in Dodging
  1705 | D:2      | HP: 1/28 [adder (1)]
  1707 | D:2      | Slain by an adder

Illustrated notes

Levels and vault maps discovered:
D:1:      lightli_arrival_maybe_door_vault, layout_basic,
          shapermc_ecumenical_altar_gd
D:2:      layout_basic, nicolae_concentric_dashed_squares_mild, uniq_jessica

Skill      XL: |  1  2  3 |
---------------+----------+-----
Throwing       | 2 |  2.1
Dodging        | 3 |  3.0
Fighting       | |  2.7
Axes           | |  2.9
Armour         | |  0.9

Action                   || total
-------------------------++-------
Melee: War axe           ||    91
       Punch             ||     1
  Use: Potion            ||     1
Armor: Leather armour    ||    29
Dodge: Dodged            ||    67

Table legend: (Time is in decaauts)
 A = Elapsed time spent in this place.
 B = Non-inter-level travel time spent in this place.
 C = Inter-level travel time spent in this place.
 D = Time resting spent in this place.
 E = Time spent auto-exploring this place.
 F = Levels seen in this place.
 G = Mean time per level.
                   A        B        C        D        E       F      G
               +--------+--------+--------+--------+--------+-----+--------+
         Total |   1739 |   1711 |     28 |    375 |   1112 |   2 |  869.5 |
       Dungeon |   1739 |   1711 |     28 |    375 |   1112 |   2 |  869.5 |
               +--------+--------+--------+--------+--------+-----+--------+

Top non-repeatable levels by time:
     D:1: 1493 daAuts
     D:2: 245 daAuts
